 Dungeon Crawl Stone Soup version 0.31-a0-978-g1e143483b6 (webtiles) character file.

Game seed: 15817461427653666561

46 sammy202020 the Trooper (level 3, -18/24 HPs)
             Began as a Gargoyle Berserker on Oct 30, 2023.
             Was a Believer of Trog.
             Demolished by a spatial maelstrom (19 damage)
             ... on level 1 of the Abyss.
             The game lasted 00:01:51 (938 turns).

sammy202020 the Trooper (Gargoyle Berserker)         Turns: 938, Time: 00:01:51

Health: -18/24     AC: 12    Str: 20    XL:     3   Next: 66%
Magic:  3/3        EV:  8    Int:  9    God:    Trog [**....]
Gold:   54         SH:  0    Dex:  9    Spells: 2/2 levels left

rFire   . . .        a - +0 mace
rCold   . . .        (no shield)
rNeg    + . .        h - +0 chain mail
rPois   ∞            (no helmet)
rElec   +            (no cloak)
rCorr   .            (no gloves)
SInv    .            (no boots)
Will    .....        (no amulet) Stlth
                     (no ring)
HPRegen 0.24/turn    (no ring)
MPRegen 0.08/turn

%: no passive effects
@: on berserk cooldown
A: sickness immunity, AC +3, negative energy resistance 1, electricity
resistance, torment resistance 1, petrification resistance
a: Renounce Religion, Berserk, Trog's Hand


You were on level 1 of the Abyss.
You worshipped Trog.
Trog was pleased with you.
You visited 1 branch of the dungeon, and saw 2 of its levels.
You visited the Abyss 1 time.

You collected 54 gold pieces.

Inventory:

Hand Weapons
 a - a +0 mace (weapon)
Armour
 h - a +0 chain mail (worn)
Wands
 f - a wand of mindburst (6)
Potions
 b - a potion of lignification {unknown}
 c - a potion of attraction {unknown}
 d - a potion of enlightenment {unknown}
 e - a potion of curing
 g - a potion of invisibility {unknown}


   Skills:
 * Level 3.8 Fighting
 * Level 3.4 Maces & Flails
 * Level 2.8 Armour
 + Level 2.0 Dodging


You had 2 spell levels left.
You didn't know any spells.
Your spell library was empty.

Dungeon Overview and Level Annotations

Branches:
Dungeon (2/15)

Altars:
Hepliaklqana

Annotations:
D:2 Terence


Innate Abilities, Weirdness & Mutations

You are immune to sickness and miasma.
Your stone body is resilient. (AC +3)
You are immune to poison.
You resist negative energy. (rN+)
You are resistant to electric shocks. (rElec)
You are resistant to unholy torment.
You are immune to petrification.


Message History

* * * LOW HITPOINT WARNING * * *
Terence closely misses you. The hobgoblin misses you.
You see here a jackal corpse.
You hit Terence but do no damage. Terence closely misses you.
The endoplasm barely misses you. The hobgoblin closely misses you.
Terence hits you but does no damage.
You blink.
You hit the endoplasm.
The endoplasm is severely wounded.
The endoplasm misses you.
You sock the endoplasm!
You kill the endoplasm!
Trog accepts your kill.
Terence hits you from afar with a +2 trident of distortion.
* * * LOW HITPOINT WARNING * * *
You blink.
Terence hits you but does no damage. Space warps around you.
* * * LOW HITPOINT WARNING * * *
Terence closely misses you. The hobgoblin closely misses you.
It was a potion of curing.
You feel better. Terence barely misses you.
The hobgoblin hits you but does no damage.
You closely miss the hobgoblin.
Terence bares his teeth.
Terence hits you but does no damage.
You blink.
Terence hits you but does no damage.
You are cast into the Abyss!
This branch contains the abyssal rune of Zot.
Found a gateway leading deeper into the Abyss.
There is a gateway leading deeper into the Abyss here.
You feel yourself speed up.
A spatial maelstrom comes into view.
A spatial maelstrom is nearby!
A spatial maelstrom is nearby!
A spatial vortex comes into view.
The spatial maelstrom hits you. Space warps horribly around you!
The spatial maelstrom hits you but does no damage.
You barely miss the spatial maelstrom. The spatial maelstrom hits you!
* * * LOW HITPOINT WARNING * * *
Space warps horribly around you!!
Ouch! That really hurt!
You die...

#..#........#...##
#. ##... ..... . .
#.#..........#
#.##.#.#.##.#.# .
.#..#.......#
###.#.....##.#
####.....#.##
#.##.>...# .
##.##..@# ... #
###v# #. .# .#.# .
.. ## ..v . #.##
## ##


You could see a spatial maelstrom.

Vanquished Creatures
  An adder (D:2)
  A worm (D:2)
  2 dart slugs (D:1)
  4 endoplasms
  A giant cockroach (D:1)
  A hobgoblin (D:2)
  6 jackals (D:2)
  3 ball pythons
  A bat (D:2)
  3 frilled lizards (D:1)
  3 kobolds (D:2)
  3 rats (D:2)
29 creatures vanquished.

Notes
Turn   | Place    | Note
-------+----------+-------------------------------------------
     0 | D:1      | sammy202020 the Gargoyle Berserker began the quest for the
                  | Orb.
     0 | D:1      | Reached XP level 1. HP: 14/14 MP: 1/1
   189 | D:1      | Reached XP level 2. HP: 16/19 MP: 2/2
   286 | D:1      | Found a faded altar of an unknown god.
   588 | D:2      | Reached XP level 3. HP: 14/23 MP: 3/3
   781 | D:2      | Found a hazy altar of Hepliaklqana.
   829 | D:2      | Reached ** piety under Trog
   894 | D:2      | Noticed Terence
   913 | Abyss:1  | Cast into level 1 of the Abyss (Terence)
   935 | Abyss:1  | Noticed a spatial maelstrom
   936 | Abyss:1  | Noticed a spatial vortex
   938 | Abyss:1  | HP: 1/24 [spatial maelstrom (11)]
   938 | Abyss:1  | Demolished by a spatial maelstrom

Illustrated notes

Levels and vault maps discovered:
D:1:      lightli_arrival_flooded_house, layout_rooms,
          nicolae_ecumenical_lake_church
D:2:      layout_basic, basic_altar, kennysheep_decorative_pillar, uniq_terence
Abyss:1:  base:
D:1

Skill      XL: |  1  2  3 |
---------------+----------+-----
Dodging        | 2 |  2.0
Fighting       | |  3.8
Maces & Flails | |  3.4
Armour         | |  2.8

Action                     || total
---------------------------++-------
  Melee: Mace              ||    89
 Invoke: Berserk           ||     3
    Use: Scroll            ||     1
         Potion            ||     1
 Armour: Animal skin       ||     5
         Ring mail         ||    66
         Chain mail        ||    34
  Dodge: Dodged            ||    88

Table legend: (Time is in decaauts)
 A = Elapsed time spent in this place.
 B = Non-inter-level travel time spent in this place.
 C = Inter-level travel time spent in this place.
 D = Time resting spent in this place.
 E = Time spent auto-exploring this place.
 F = Levels seen in this place.
 G = Mean time per level.
                   A        B        C        D        E       F      G
               +--------+--------+--------+--------+--------+-----+--------+
         Total |    991 |    968 |     23 |    114 |    581 |   3 |  330.3 |
       Dungeon |    956 |    933 |     23 |    114 |    577 |   2 |  478.0 |
         Abyss |     35 |     35 |      0 |      0 |      4 |   1 |   35.0 |
               +--------+--------+--------+--------+--------+-----+--------+

Top non-repeatable levels by time:
     D:1: 559 daAuts
     D:2: 397 daAuts
 Abyss:1: 35 daAuts
